 Dungeon Crawl Stone Soup version 0.29.1-2-gbd0b4ee654 (webtiles) character file.

Game seed: 218565222751281357

1084 Firos the Changer (level 8, -4/51 HPs)
             Began as an Octopode Transmuter on Nov 8, 2022.
             Was a Follower of Cheibriados.
             Slain by Pikel
             ... wielding a +0 whip of freezing
              (6 damage)
             ... on level 6 of the Dungeon.
             The game lasted 00:10:55 (7942 turns).

Firos the Changer (Octopode Transmuter)             Turns: 7942, Time: 00:10:55

Health: -4/51      AC:  2    Str: 13    XL:     8   Next: 30%
Magic:  14/14      EV: 20    Int: 20    God:    Cheibriados [*.....]
Gold:   223        SH:  0    Dex: 20    Spells: 6/15 levels left

rFire   . . .      SeeInvis .     - Unarmed
rCold   . . .      Faith    .   (shield currently unavailable)
rNeg    . . .      Spirit   .   (helmet currently unavailable)
rPois   x          Reflect  .   (no amulet)
rElec   .          Harm     .   (no ring)
rCorr   .          Rampage  .   (no ring)
Will    .....                   (no ring)
Stlth   +++.......              (no ring)
HPRegen 0.17/turn               (no ring)
MPRegen 0.14/turn               (no ring)
                                (no ring)
                                (no ring)

@: spider-form (expiring), very slow
A: venomous fangs, almost no armour, (amphibious), 8 rings, tiny, (camouflage
1), (gelatinous body 1), (nimble swimmer 1), (tentacles)
a: End Transformation, Renounce Religion, Bend Time


You were on level 6 of the Dungeon.
You worshipped Cheibriados.
Cheibriados was aware of your devotion.
You were a venomous arachnid creature.
You visited 1 branch of the dungeon, and saw 6 of its levels.

You collected 223 gold pieces.

Inventory:

Missiles
 j - a throwing net
Wands
 g - a wand of light (6)
 i - a wand of flame (14)
Scrolls
 d - 2 scrolls of enchant weapon
 h - a scroll of amnesia
Potions
 a - 2 potions of lignification
 b - 2 potions of brilliance
 c - 2 potions of curing
 e - 2 potions of attraction {unknown}
 f - a potion of cancellation {unknown}


   Skills:
 + Level 2.4 Fighting
 + Level 3.0 Dodging
 + Level 3.1 Stealth
 * Level 4.4 Unarmed Combat
 + Level 4.4 Spellcasting
 * Level 6.6 Transmutations
 + Level 1.1 Invocations


You had 6 spell levels left.
You knew the following spells:

 Your Spells              Type           Power      Damage    Failure   Level
b - Wereblood             Tmut           30%        N/A       6%          2
c - Spider Form           Tmut/Pois      17%        N/A       24%         3
d - Ice Form              Ice/Tmut       17%        N/A       54%         4

Your spell library contained the following spells:

 Spells                   Type           Power      Damage    Failure   Level
 Beastly Appendage        Tmut           60%        N/A       4%          1
 Slow                     Hex            16%        N/A       28%         1
 Confusing Touch          Hex            4%         N/A       58%         3
 Vampiric Draining        Necr           4%         2d6       58%         3
 Corpse Rot               Necr/Pois/Air  4%         N/A       90%         4
 Dispel Undead            Necr           4%         3d7       90%         4
 Death Channel            Necr           2%         N/A       100%        6


Dungeon Overview and Level Annotations

Branches:
Dungeon (6/15)             Temple (0/1) D:4

Altars:
Cheibriados
Makhleb
Okawaru

Annotations:
D:4 Menkaure
D:6 Pikel


Innate Abilities, Weirdness & Mutations

You are a venomous arachnid creature.
You have poisonous fangs.
You are tiny and dextrous.
Your spellcasting is less reliable in this form.
Your armour is entirely melded.
You are incapable of wielding weapons or throwing items.
You cannot wear most types of armour.
((You are amphibious.))
You can wear up to eight rings at the same time.
((Your skin changes colour to match your surroundings (Stealth+).))
((Your rubbery body absorbs attacks. (AC +1, EV +1)))
((You are camouflaged when in or above water. (Stealth+)))
((You have tentacles for arms and can constrict up to eight enemies at once.))


Message History

You kill the lemure!
That felt strangely unrewarding.
The lemure shouts!
You hit Pikel but do no damage.
You hear a shout!
Pikel hits you with a +0 whip of freezing!
Pikel freezes you.
You hit Pikel but do no damage.
Pikel is poisoned.
Pikel hits you with a +0 whip of freezing.
Pikel freezes you.
You hit Pikel but do no damage.
Pikel looks as sick as possible!
You hit Pikel.
Pikel looks as sick as possible!
Pikel is moderately wounded.
Your transformation is almost over.
Pikel barely misses you.
You bite Pikel!
Pikel looks as sick as possible!
Pikel is severely wounded.
Pikel misses you.
You hit Pikel but do no damage.
Pikel looks as sick as possible!
Pikel is severely wounded.
Pikel hits you with a +0 whip of freezing!
Pikel freezes you.
You hit Pikel but do no damage.
Pikel is severely wounded.
Pikel completely misses you.
You hit Pikel.
Pikel looks as sick as possible!
Pikel is severely wounded.
Pikel hits you with a +0 whip of freezing.
* * * LOW HITPOINT WARNING * * *
Pikel freezes you.
* * * LOW HITPOINT WARNING * * *
You hit Pikel but do no damage.
Pikel looks as sick as possible!
Pikel is severely wounded.
Pikel misses you.
You closely miss Pikel.
Pikel is almost dead.
Pikel hits you with a +0 whip of freezing!
* * * LOW HITPOINT WARNING * * *
Pikel freezes you.
You die...

###############.
................
#.........
#############5##.5.#..
#....<.....sK5.# .....
#############..# K.5.
#..# 5.. #..# .. #...
. #.... #..... #......


You could see Pikel (extremely poisoned) and 2 lemures.

Vanquished Creatures
  Grinder (D:5)
  2 water moccasins (D:5)
  An ogre (D:4)
  A lemure (D:6)
  A necrophage (D:4)
  A howler monkey (D:5)
  An orc priest (D:4)
  3 hounds (D:5)
  An iron imp (D:3)
  Terence (D:2)
  2 iguanas (D:5)
  2 orc wizards
  Robin (D:2)
  7 gnolls
  7 adders
  An ufetubus (D:5)
  4 worms
  A dart slug (D:2)
  3 orcs
  8 endoplasms
  3 giant cockroaches
  6 goblins
  5 hobgoblins
  6 jackals
  3 quokkas (D:1)
  7 ball pythons
  5 bats
  8 frilled lizards
  8 kobolds
  7 rats
  A rat zombie (D:5)
108 creatures vanquished.

Notes
Turn   | Place    | Note
-------+----------+-------------------------------------------
     0 | D:1      | Firos the Octopode Transmuter began the quest for the Orb.
     0 | D:1      | Reached XP level 1. HP: 13/13 MP: 3/3
   206 | D:1      | Reached XP level 2. HP: 14/18 MP: 3/5
   211 | D:1      | Learned a level 2 spell: Wereblood
   288 | D:1      | You fall into a shaft and drop 1 floor!
   308 | D:2      | Noticed Terence
   496 | D:1      | Found a faded altar of an unknown god.
   520 | D:1      | Reached skill level 3 in Transmutations
   671 | D:1      | Reached XP level 3. HP: 19/23 MP: 6/6
   675 | D:1      | Learned a level 3 spell: Spider Form
  1315 | D:2      | Killed Terence
  1316 | D:2      | Reached XP level 4. HP: 28/28 MP: 1/8
  1416 | D:2      | Noticed Robin
  1427 | D:2      | Killed Robin
  1820 | D:2      | Reached skill level 4 in Transmutations
  1983 | D:2      | Identified the +5 quarterstaff of Checks and Balances
                  | {drain, Fragile Will+ Str+4}
  2069 | D:2      | Reached XP level 5. HP: 26/33 MP: 9/9
  2074 | D:2      | Learned a level 4 spell: Ice Form
  3049 | D:3      | Found a snail-covered altar of Cheibriados.
  3237 | D:3      | Became a worshipper of Cheibriados the Contemplative
  3557 | D:3      | Reached skill level 5 in Transmutations
  4152 | D:3      | Reached XP level 6. HP: 15/38 MP: 7/11
  4665 | D:4      | Found an iron altar of Okawaru.
  4818 | D:4      | Found a staircase to the Ecumenical Temple.
  4866 | D:4      | Reached * piety under Cheibriados
  4867 | D:4      | Reached skill level 1 in Stealth
  4867 | D:4      | Reached XP level 7. HP: 11/43 MP: 9/12
  5706 | D:4      | Noticed Menkaure
  6160 | D:5      | Entered Level 5 of the Dungeon
  6261 | D:5      | Noticed Grinder
  6519 | D:5      | Paralysed by Grinder for 4 turns
  6534 | D:5      | Killed Grinder
  6535 | D:5      | Reached skill level 6 in Transmutations
  6967 | D:5      | Found a burning altar of Makhleb.
  7074 | D:5      | Reached XP level 8. HP: 45/50 MP: 7/14
  7171 | D:5      | Reached skill level 1 in Invocations
  7249 | D:5      | Identified the +4 ring mail "Puseub" {rC- rCorr Dex+10}
  7917 | D:6      | Noticed Pikel
  7942 | D:6      | HP: 2/51 [Pikel/+0 whip of freezing (12)]
  7942 | D:6      | Slain by Pikel

Illustrated notes

Levels and vault maps discovered:
D:1:      lemuel_arrival_funnel, layout_rooms,
          chequers_ecumenical_altar_simple_redux
D:2:      layout_loops_corners, small_statue_intersection, uniq_terence,
          uniq_robin
D:3:      layout_basic, slow_altar_2
D:4:      layout_basic, mainiacjoe_overflow_chevrons,
          minmay_temple_entry_large_hall, serial_forest,
          infiniplex_forest_lined_3, infiniplex_forest_clump_tiny,
          infiniplex_forest_clump_double, infiniplex_forest_straight_1,
          infiniplex_forest_lined_2, infiniplex_forest_lined_corner,
          infiniplex_forest_straight_5, infiniplex_forest_zigzag_1,
          infiniplex_forest_lined_ring, uniq_menkaure
D:5:      layout_gridville, mainiacjoe_overflow_alcove_2, enter_ossuary_3,
          uniq_grinder
D:6:      layout_basic, mainiacjoe_overflow_concentric_impassable,
          grunt_nemelex_the_gamble, minmay_three_doors, uniq_blork_the_orc,
          uniq_duvessa, uniq_sigmund, uniq_pikel

Skill      XL: |  1  2  3  4  5  6  7  8 |
---------------+-------------------------+-----
Transmutations | 3 4 5 6 |  6.6
Spellcasting   | 3 4 |  4.4
Stealth        | 1 2 3 |  3.1
Fighting       | 2 |  2.4
Unarmed Combat | 4 |  4.4
Dodging        | 3 |  3.0
Invocations    | 1 |  1.1

Action                   |  1- 3 |  4- 6 |  7- 9 || total
-------------------------+-------+-------+-------++-------
Melee: Unarmed           |    88 |   138 |   116 ||   342
       Constrict         |    23 |    16 |     3 ||    42
       Tentacles         |    12 |    15 |     1 ||    28
       Kick              |     6 |       |       ||     6
       Punch             |     1 |     5 |       ||     6
 Cast: Beastly Appendage |     4 |       |       ||     4
       Spider Form       |     1 |     9 |    12 ||    22
       Ice Form          |       |       |     2 ||     2
  Use: Scroll            |     2 |     6 |     3 ||    11
       Potion            |       |     1 |     2 ||     3
 Stab: Sleeping          |     2 |     3 |     1 ||     6
Armor: Skin              |     6 |     6 |     8 ||    20
Dodge: Dodged            |    62 |    86 |    91 ||   239
